3077 views
Uploaded 2020-03-31 01:56:46
Game version 1.32.3
24:58 long 4on4 ladder game on (8)Feralas_LV
Saved by Teelo
3077 views
Uploaded 2020-03-31 01:56:46
Game version 1.32.3
24:58 long 4on4 ladder game on (8)Feralas_LV

153 units @ 20.7k
/ 2.5k
84 buildings @ 13.2k
/ 5.5k



| Scroll of Regeneration | 1 | 100 |
| Scroll of Town Portal | 1 | 350 |
| total: | 2 | 450g |
| Peasant | 10 | 750 | / | 0 |
| Rifleman | 20 | 4100 | / | 600 |
| Knight | 4 | 980 | / | 240 |
| total: | 34 | 5830g | / | 840w |
| Scout Tower | 6 | 180 | / | 120 |
| Guard Tower | 6 | 420 | / | 300 |
| Farm | 11 | 880 | / | 220 |
| Altar of Kings | 1 | 180 | / | 50 |
| Blacksmith | 1 | 140 | / | 60 |
| Barracks | 2 | 320 | / | 120 |
| Lumber Mill | 2 | 240 | / | 0 |
| Arcane Vault | 1 | 130 | / | 30 |
| Keep | 1 | 320 | / | 210 |
| Castle | 1 | 360 | / | 210 |
| total: | 24 | 2070g | / | 600w |
| 0:04 | Farm |
| 0:06 | Altar of Kings |
| 0:09 | Blacksmith |
| 0:12 | Peasant |
| 0:26 | Peasant |
| 0:39 | Peasant |
| 1:00 | Peasant |
| 1:07 | Farm |
| 1:22 | Peasant |
| 1:34 | Peasant |
| 1:44 | Black Gunpowder |
| 1:49 | Peasant |
| 1:56 | Farm |
| 2:01 | Peasant |
| 2:14 | Barracks |
| 2:18 | Summon Water Elemental |
| 2:35 | Peasant |
| 3:01 | Studded Leather Armor |
| 3:32 | Rifleman |
| 3:39 | Peasant |
| 3:46 | Lumber Mill |
| 3:55 | Lumber Mill |
| 3:58 | Rifleman |
| 4:04 | Keep |
| 4:16 | Rifleman |
| 4:46 | Rifleman |
| 4:53 | Scout Tower |
| 4:58 | Scout Tower |
| 5:04 | Scout Tower |
| 5:54 | Brilliance Aura |
| 6:04 | Rifleman |
| 6:07 | Farm |
| 6:11 | Guard Tower |
| 6:12 | Guard Tower |
| 6:14 | Guard Tower |
| 6:18 | Farm |
| 6:54 | Rifleman |
| 6:56 | Long Rifles |
| 7:10 | Arcane Vault |
| 7:14 | Castle |
| 7:44 | Rifleman |
| 7:53 | Barracks |
| 8:00 | Rifleman |
| 8:02 | Refined Gunpowder |
| 8:02 | Reinforced Leather Armor |
| 8:26 | Scroll of Regeneration |
| 8:27 | Scroll of Town Portal |
| 8:35 | Improved Lumber Harvesting |
| 8:56 | Rifleman |
| 9:22 | Farm |
| 9:23 | Farm |
| 9:59 | Summon Water Elemental |
| 10:15 | Rifleman |
| 10:18 | Rifleman |
| 10:19 | Imbued Gunpowder |
| 11:23 | Dragonhide Armor |
| 11:38 | Summon Lava Spawn |
| 12:27 | Soul Burn |
| 12:58 | Farm |
| 12:59 | Farm |
| 13:07 | Farm |
| 13:51 | Brilliance Aura |
| 14:02 | Drunken Haze |
| 15:18 | Rifleman |
| 15:18 | Rifleman |
| 15:18 | Rifleman |
| 15:18 | Rifleman |
| 15:38 | Scout Tower |
| 15:40 | Scout Tower |
| 15:44 | Scout Tower |
| 15:48 | Farm |
| 16:05 | Iron Plating |
| 16:05 | Iron Forged Swords |
| 16:11 | Rifleman |
| 16:40 | Guard Tower |
| 17:06 | Rifleman |
| 17:14 | Rifleman |
| 18:41 | Rifleman |
| 18:41 | Rifleman |
| 19:05 | Advanced Lumber Harvesting |
| 19:20 | Summon Water Elemental |
| 19:50 | Improved Masonry |
| 21:39 | Knight |
| 21:39 | Knight |
| 21:39 | Knight |
| 21:39 | Knight |
| 22:30 | Brilliance Aura |
| Right click | 627 |
| Select | 324 |
| Misc. action | 90 |
| Build/train/purchase | 85 |
| Use ability | 6 |


| Healing Salve | 5 | 500 |
| Lesser Clarity Potion | 5 | 350 |
| Scroll of Town Portal | 4 | 1400 |
| Scroll of Healing | 1 | 250 |
| total: | 15 | 2500g |
| Peon | 14 | 1050 | / | 0 |
| Troll Headhunter | 14 | 1960 | / | 280 |
| Troll Berserker | 8 | 1120 | / | 160 |
| Kodo Beast | 1 | 255 | / | 60 |
| total: | 37 | 4385g | / | 500w |
| Altar of Storms | 1 | 180 | / | 50 |
| Orc Burrow | 6 | 960 | / | 240 |
| War Mill | 1 | 205 | / | 0 |
| Barracks | 2 | 360 | / | 100 |
| Voodoo Lounge | 1 | 130 | / | 30 |
| Great Hall | 4 | 1540 | / | 740 |
| Beastiary | 1 | 145 | / | 140 |
| Stronghold | 2 | 630 | / | 380 |
| Fortress | 2 | 650 | / | 380 |
| total: | 16 | 3520g | / | 1300w |
| 0:03 | Altar of Storms |
| 0:05 | Orc Burrow |
| 0:07 | Orc Burrow |
| 0:08 | Peon |
| 0:08 | Peon |
| 0:38 | War Mill |
| 0:46 | Peon |
| 0:46 | Peon |
| 0:47 | Peon |
| 1:10 | Peon |
| 1:10 | Peon |
| 1:27 | Barracks |
| 1:45 | Peon |
| 1:49 | Orc Burrow |
| 1:58 | Peon |
| 2:10 | Peon |
| 2:28 | Orc Burrow |
| 2:31 | Wind Walk |
| 2:37 | Troll Headhunter |
| 2:43 | Steel Ranged Weapons |
| 2:44 | Thorium Ranged Weapons |
| 3:03 | Troll Headhunter |
| 3:11 | Troll Headhunter |
| 3:42 | Stronghold |
| 3:49 | Critical Strike |
| 3:52 | Voodoo Lounge |
| 4:08 | Troll Headhunter |
| 4:39 | Troll Headhunter |
| 4:40 | Steel Armor |
| 4:56 | Troll Headhunter |
| 5:01 | Troll Headhunter |
| 5:01 | Troll Headhunter |
| 5:02 | Troll Headhunter |
| 5:04 | Healing Salve |
| 5:25 | Troll Headhunter |
| 5:40 | Troll Headhunter |
| 5:57 | Healing Salve |
| 6:02 | Lesser Clarity Potion |
| 6:06 | Troll Regeneration |
| 6:09 | Arcanite Ranged Weapons |
| 6:46 | Wind Walk |
| 7:05 | Berserker Strength |
| 7:06 | Troll Headhunter |
| 7:11 | Healing Salve |
| 7:16 | Lesser Clarity Potion |
| 7:40 | Reinforced Defenses |
| 7:51 | Fortress |
| 8:00 | Healing Wave |
| 8:45 | Troll Headhunter |
| 8:47 | Thorium Armor |
| 8:47 | Arcanite Armor |
| 8:49 | Beastiary |
| 9:52 | Healing Salve |
| 9:52 | Lesser Clarity Potion |
| 9:59 | Troll Headhunter |
| 10:04 | Orc Burrow |
| 10:10 | Great Hall |
| 10:12 | Great Hall |
| 10:20 | Berserker Upgrade |
| 10:50 | Scroll of Town Portal |
| 10:50 | Scroll of Town Portal |
| 11:41 | Critical Strike |
| 11:46 | Serpent Ward |
| 11:52 | Troll Berserker |
| 11:56 | Kodo Beast |
| 12:33 | Liquid Fire |
| 12:34 | War Drums Damage Increase |
| 12:38 | Troll Berserker |
| 12:40 | Barracks |
| 13:21 | Troll Berserker |
| 13:22 | Troll Berserker |
| 14:21 | Troll Berserker |
| 14:22 | Troll Berserker |
| 14:27 | Healing Salve |
| 14:28 | Lesser Clarity Potion |
| 14:34 | Lesser Clarity Potion |
| 14:41 | Peon |
| 14:41 | Peon |
| 14:41 | Peon |
| 14:41 | Peon |
| 15:23 | Orc Burrow |
| 15:35 | Scroll of Town Portal |
| 16:28 | Serpent Ward |
| 16:45 | Troll Berserker |
| 16:45 | Troll Berserker |
| 17:38 | Scroll of Town Portal |
| 17:44 | Wind Walk |
| 18:25 | Great Hall |
| 18:41 | Healing Wave |
| 18:56 | Scroll of Healing |
| 20:42 | Bladestorm |
| 21:11 | Serpent Ward |
| 21:18 | Great Hall |
| Right click | 798 |
| Select | 462 |
| Select group | 209 |
| Build/train/purchase | 181 |
| Misc. action | 123 |
| Use ability | 65 |
| Assign group | 23 |
| Minimap ping | 9 |
| Esc | 6 |
| Item give/drop | 2 |
| Remove unit | 2 |

| Anti-magic Potion | 2 | 200 |
| Moonstone | 1 | 50 |
| Scroll of Town Portal | 5 | 1750 |
| total: | 8 | 2000g |
| Wisp | 11 | 660 | / | 0 |
| Archer | 27 | 3510 | / | 270 |
| total: | 38 | 4170g | / | 270w |
| Altar of Elders | 1 | 180 | / | 50 |
| Moon Well | 5 | 900 | / | 200 |
| Ancient of War | 5 | 750 | / | 300 |
| Ancient of Wonders | 2 | 180 | / | 60 |
| Hunter's Hall | 1 | 210 | / | 100 |
| Tree of Life | 1 | 340 | / | 185 |
| Tree of Ages | 1 | 320 | / | 180 |
| Tree of Eternity | 1 | 330 | / | 200 |
| total: | 15 | 2560g | / | 895w |
| 0:04 | Wisp |
| 0:05 | Wisp |
| 0:28 | Altar of Elders |
| 0:34 | Wisp |
| 0:34 | Wisp |
| 0:36 | Moon Well |
| 0:50 | Ancient of War |
| 0:54 | Wisp |
| 0:54 | Wisp |
| 1:11 | Wisp |
| 1:38 | Moon Well |
| 1:45 | Wisp |
| 1:47 | Wisp |
| 1:52 | Archer |
| 2:03 | Ancient of War |
| 2:10 | Ancient of War |
| 2:15 | Wisp |
| 2:17 | Wisp |
| 2:21 | Ancient of Wonders |
| 2:30 | Searing Arrows |
| 2:34 | Archer |
| 2:34 | Archer |
| 3:09 | Tree of Ages |
| 3:20 | Archer |
| 3:46 | Archer |
| 4:04 | Trueshot Aura |
| 4:10 | Moon Well |
| 4:47 | Hunter's Hall |
| 5:34 | Trueshot Aura |
| 5:37 | Tree of Eternity |
| 5:40 | Improved Bows |
| 5:42 | Archer |
| 5:42 | Archer |
| 5:59 | Moon Well |
| 6:11 | Strength of the Moon |
| 6:26 | Archer |
| 6:56 | Archer |
| 7:12 | Improved Strength of the Moon |
| 7:15 | Archer |
| 7:40 | Searing Arrows |
| 8:13 | Marksmanship |
| 8:15 | Well Spring |
| 8:20 | Archer |
| 8:27 | Scroll of Town Portal |
| 8:46 | Moon Well |
| 9:08 | Advanced Strength of the Moon |
| 9:56 | Trueshot Aura |
| 10:05 | Archer |
| 10:06 | Moon Armor |
| 11:10 | Archer |
| 11:22 | Scroll of Town Portal |
| 11:22 | Anti-magic Potion |
| 11:45 | Archer |
| 12:16 | Starfall |
| 12:40 | Archer |
| 12:40 | Archer |
| 12:55 | Archer |
| 13:05 | Improved Moon Armor |
| 13:09 | Ultravision |
| 14:16 | Archer |
| 14:18 | Scroll of Town Portal |
| 15:42 | Scroll of Town Portal |
| 15:44 | Archer |
| 15:45 | Archer |
| 15:49 | Searing Arrows |
| 16:26 | Archer |
| 17:04 | Archer |
| 17:17 | Moonstone |
| 18:27 | Ancient of Wonders |
| 18:51 | Archer |
| 18:51 | Archer |
| 18:59 | Tree of Life |
| 19:04 | Ancient of War |
| 19:06 | Ancient of War |
| 19:09 | Nature's Blessing |
| 20:23 | Archer |
| 20:24 | Archer |
| 20:29 | Scout |
| 22:13 | Archer |
| 22:17 | Scout |
| 22:56 | Scroll of Town Portal |
| 23:03 | Anti-magic Potion |
| Right click | 792 |
| Select | 387 |
| Select group | 103 |
| Build/train/purchase | 87 |
| Assign group | 19 |
| Minimap ping | 14 |
| Use ability | 7 |
| Item give/drop | 3 |

| Lesser Clarity Potion | 5 | 350 |
| Healing Salve | 2 | 200 |
| Orb of Lightning | 2 | 750 |
| Potion of Mana | 1 | 200 |
| Scroll of Town Portal | 3 | 1050 |
| total: | 13 | 2550g |
| Peon | 21 | 1575 | / | 0 |
| Grunt | 5 | 1000 | / | 0 |
| Spirit Walker | 1 | 195 | / | 35 |
| Tauren | 9 | 2520 | / | 720 |
| Shaman | 8 | 1040 | / | 160 |
| total: | 44 | 6330g | / | 915w |
| Watch Tower | 9 | 990 | / | 720 |
| Orc Burrow | 5 | 800 | / | 200 |
| Altar of Storms | 1 | 180 | / | 50 |
| Barracks | 1 | 180 | / | 50 |
| War Mill | 2 | 410 | / | 0 |
| Voodoo Lounge | 1 | 130 | / | 30 |
| Great Hall | 4 | 1540 | / | 740 |
| Tauren Totem | 3 | 405 | / | 465 |
| Spirit Lodge | 3 | 450 | / | 450 |
| Stronghold | 1 | 315 | / | 190 |
| Fortress | 1 | 325 | / | 190 |
| total: | 29 | 5085g | / | 2705w |
| 0:04 | Peon |
| 0:04 | Peon |
| 0:09 | Orc Burrow |
| 0:23 | Altar of Storms |
| 0:28 | Barracks |
| 0:38 | Peon |
| 0:38 | Peon |
| 0:38 | Peon |
| 0:49 | Peon |
| 1:08 | Peon |
| 1:32 | Orc Burrow |
| 1:34 | Grunt |
| 1:40 | Peon |
| 1:54 | Peon |
| 2:10 | War Mill |
| 2:28 | Grunt |
| 2:31 | War Stomp |
| 2:45 | Voodoo Lounge |
| 2:57 | Peon |
| 3:07 | Grunt |
| 3:46 | Stronghold |
| 3:59 | Grunt |
| 4:04 | Endurance Aura |
| 4:19 | Lesser Clarity Potion |
| 4:20 | Healing Salve |
| 4:46 | Orc Burrow |
| 5:08 | Steel Armor |
| 6:03 | Great Hall |
| 6:06 | Watch Tower |
| 6:07 | Watch Tower |
| 6:14 | Peon |
| 6:14 | Peon |
| 6:17 | Tauren Totem |
| 6:20 | Spirit Lodge |
| 6:26 | Lesser Clarity Potion |
| 7:04 | Lesser Clarity Potion |
| 7:16 | Grunt |
| 7:19 | Fortress |
| 7:45 | Great Hall |
| 8:04 | Shaman Adept Training |
| 8:06 | Spirit Walker |
| 8:40 | War Stomp |
| 8:53 | Watch Tower |
| 8:54 | Watch Tower |
| 9:41 | Tauren Totem |
| 9:43 | Tauren |
| 9:48 | Shaman Master Training |
| 10:50 | Endurance Aura |
| 11:09 | Watch Tower |
| 11:12 | Peon |
| 11:12 | Peon |
| 11:13 | Peon |
| 11:19 | War Mill |
| 11:46 | Tauren |
| 11:46 | Tauren |
| 11:50 | Healing Salve |
| 11:51 | Lesser Clarity Potion |
| 11:56 | Scroll of Town Portal |
| 11:59 | Orb of Lightning |
| 12:18 | Shaman |
| 12:18 | Shaman |
| 12:41 | Tauren |
| 12:45 | Peon |
| 12:45 | Peon |
| 13:39 | Reinforced Defenses |
| 13:42 | Steel Melee Weapons |
| 14:33 | Watch Tower |
| 14:34 | Watch Tower |
| 15:49 | Tauren |
| 15:49 | Tauren |
| 15:50 | Pulverize |
| 15:52 | Shaman |
| 15:52 | Shaman |
| 16:05 | Orc Burrow |
| 16:39 | Peon |
| 16:39 | Peon |
| 16:39 | Peon |
| 16:39 | Peon |
| 16:45 | Spirit Lodge |
| 16:46 | Tauren Totem |
| 17:09 | Spirit Lodge |
| 17:31 | Orc Burrow |
| 17:54 | Scroll of Town Portal |
| 17:55 | Lesser Clarity Potion |
| 17:56 | Orb of Lightning |
| 18:00 | Potion of Mana |
| 18:41 | Tauren |
| 18:48 | War Stomp |
| 18:57 | Shaman |
| 18:58 | Shaman |
| 19:07 | Great Hall |
| 19:39 | Tauren |
| 20:46 | Great Hall |
| 21:13 | Reincarnation |
| 22:11 | Tauren |
| 22:13 | Shaman |
| 22:13 | Shaman |
| 22:34 | Watch Tower |
| 22:35 | Watch Tower |
| 22:41 | Scroll of Town Portal |
| 24:22 | Endurance Aura |
| Right click | 944 |
| Select | 298 |
| Select group | 143 |
| Build/train/purchase | 137 |
| Use ability | 17 |
| Assign group | 11 |
| Remove unit | 4 |
| Misc. action | 3 |
| Item give/drop | 3 |
| Minimap ping | 2 |
230 units @ 31.4k
/ 4k
89 buildings @ 12.6k
/ 5.6k



| Healing Salve | 1 | 100 |
| Scroll of Town Portal | 2 | 700 |
| total: | 3 | 800g |
| Peon | 22 | 1650 | / | 0 |
| Grunt | 14 | 2800 | / | 0 |
| Troll Headhunter | 6 | 840 | / | 120 |
| Demolisher | 2 | 440 | / | 100 |
| Wind Rider | 1 | 265 | / | 40 |
| Shaman | 5 | 650 | / | 100 |
| Troll Berserker | 4 | 560 | / | 80 |
| total: | 54 | 7205g | / | 440w |
| Watch Tower | 4 | 440 | / | 320 |
| Orc Burrow | 8 | 1280 | / | 320 |
| Altar of Storms | 1 | 180 | / | 50 |
| Barracks | 1 | 180 | / | 50 |
| War Mill | 1 | 205 | / | 0 |
| Voodoo Lounge | 1 | 130 | / | 30 |
| Great Hall | 1 | 385 | / | 185 |
| Spirit Lodge | 1 | 150 | / | 150 |
| Beastiary | 1 | 145 | / | 140 |
| Stronghold | 2 | 630 | / | 380 |
| Fortress | 1 | 325 | / | 190 |
| total: | 19 | 3095g | / | 1245w |
| 0:11 | Peon |
| 0:12 | Peon |
| 0:12 | Peon |
| 0:12 | Peon |
| 0:15 | Peon |
| 0:44 | Orc Burrow |
| 0:57 | Altar of Storms |
| 1:38 | Barracks |
| 1:48 | Orc Burrow |
| 2:26 | Orc Burrow |
| 2:45 | War Mill |
| 2:56 | Grunt |
| 2:56 | Grunt |
| 2:56 | Grunt |
| 3:23 | Grunt |
| 3:25 | Grunt |
| 3:45 | Critical Strike |
| 4:01 | Orc Burrow |
| 4:58 | Stronghold |
| 5:04 | Steel Melee Weapons |
| 5:04 | Steel Armor |
| 5:17 | Mirror Image |
| 6:18 | Voodoo Lounge |
| 6:26 | Orc Burrow |
| 6:32 | Grunt |
| 6:33 | Troll Headhunter |
| 6:33 | Grunt |
| 6:34 | Troll Headhunter |
| 6:37 | Steel Ranged Weapons |
| 6:37 | Spiked Barricades |
| 7:23 | Watch Tower |
| 7:40 | Critical Strike |
| 8:13 | Fortress |
| 8:19 | Grunt |
| 8:20 | Grunt |
| 8:20 | Grunt |
| 8:21 | Troll Headhunter |
| 8:21 | Troll Headhunter |
| 10:33 | Great Hall |
| 10:37 | Serpent Ward |
| 11:01 | Peon |
| 11:01 | Peon |
| 11:01 | Peon |
| 11:02 | Peon |
| 11:07 | Spirit Lodge |
| 12:33 | Orc Burrow |
| 12:38 | Orc Burrow |
| 13:35 | Peon |
| 13:35 | Peon |
| 13:35 | Peon |
| 13:35 | Peon |
| 13:40 | Orc Burrow |
| 13:46 | Shaman Adept Training |
| 13:50 | Pillage |
| 14:31 | Scroll of Town Portal |
| 14:42 | Healing Salve |
| 14:49 | Watch Tower |
| 15:13 | Grunt |
| 15:13 | Troll Headhunter |
| 15:14 | Berserker Strength |
| 15:15 | Troll Regeneration |
| 15:15 | Berserker Upgrade |
| 15:49 | Beastiary |
| 16:53 | Feral Spirit |
| 17:10 | Watch Tower |
| 17:14 | Burning Oil |
| 17:20 | Ensnare |
| 17:33 | Peon |
| 17:34 | Peon |
| 17:34 | Peon |
| 17:35 | Peon |
| 17:35 | Peon |
| 17:35 | Peon |
| 17:35 | Peon |
| 17:35 | Peon |
| 17:51 | Grunt |
| 17:51 | Troll Headhunter |
| 17:52 | Demolisher |
| 17:52 | Demolisher |
| 18:02 | Wind Rider |
| 18:28 | Watch Tower |
| 18:50 | Shaman Master Training |
| 19:17 | Peon |
| 19:40 | Thorium Armor |
| 19:46 | Shaman |
| 19:46 | Shaman |
| 19:46 | Shaman |
| 19:46 | Shaman |
| 19:47 | Shaman |
| 20:20 | Scroll of Town Portal |
| 20:28 | Grunt |
| 20:28 | Grunt |
| 20:29 | Troll Berserker |
| 20:29 | Troll Berserker |
| 20:29 | Troll Berserker |
| 20:29 | Troll Berserker |
| 21:16 | Mirror Image |
| Select | 186 |
| Right click | 162 |
| Build/train/purchase | 91 |
| Use ability | 5 |


| Lesser Clarity Potion | 1 | 70 |
| Potion of Mana | 1 | 200 |
| Scroll of Healing | 1 | 250 |
| Scroll of Town Portal | 2 | 700 |
| Potion of Lesser Invulnerability | 1 | 150 |
| Scroll of Protection | 1 | 150 |
| total: | 7 | 1520g |
| Wisp | 31 | 1860 | / | 0 |
| Archer | 16 | 2080 | / | 160 |
| Huntress | 18 | 3510 | / | 360 |
| Dryad | 10 | 1450 | / | 600 |
| Druid of the Claw | 1 | 255 | / | 80 |
| total: | 76 | 9155g | / | 1200w |
| Ancient Protector | 7 | 945 | / | 560 |
| Ancient of War | 2 | 300 | / | 120 |
| Moon Well | 5 | 900 | / | 200 |
| Altar of Elders | 1 | 180 | / | 50 |
| Hunter's Hall | 1 | 210 | / | 100 |
| Tree of Life | 1 | 340 | / | 185 |
| Ancient of Wonders | 2 | 180 | / | 60 |
| Ancient of Lore | 2 | 310 | / | 290 |
| Tree of Ages | 1 | 320 | / | 180 |
| Tree of Eternity | 1 | 330 | / | 200 |
| total: | 21 | 3365g | / | 1565w |
| 0:03 | Wisp |
| 0:03 | Wisp |
| 0:03 | Wisp |
| 0:15 | Ancient of War |
| 0:22 | Moon Well |
| 0:32 | Altar of Elders |
| 0:38 | Wisp |
| 0:52 | Wisp |
| 1:03 | Wisp |
| 1:18 | Archer |
| 1:29 | Archer |
| 1:49 | Moon Well |
| 1:52 | Archer |
| 2:10 | Wisp |
| 2:26 | Hunter's Hall |
| 2:34 | Force of Nature |
| 2:44 | Archer |
| 2:48 | Wisp |
| 2:48 | Wisp |
| 2:59 | Moon Well |
| 3:22 | Wisp |
| 3:26 | Ancient of War |
| 3:39 | Thorns Aura |
| 3:43 | Wisp |
| 3:43 | Wisp |
| 3:43 | Wisp |
| 4:06 | Archer |
| 4:07 | Archer |
| 4:47 | Tree of Life |
| 4:49 | Wisp |
| 4:50 | Wisp |
| 4:53 | Ancient of Wonders |
| 5:24 | Entangling Roots |
| 5:28 | Tree of Ages |
| 5:34 | Ancient Protector |
| 5:46 | Moon Well |
| 6:10 | Huntress |
| 6:45 | Ancient Protector |
| 6:46 | Moon Well |
| 7:00 | Ultravision |
| 7:01 | Strength of the Moon |
| 7:01 | Moon Armor |
| 7:12 | Wisp |
| 7:13 | Wisp |
| 7:13 | Wisp |
| 7:13 | Wisp |
| 7:13 | Wisp |
| 7:15 | Wisp |
| 7:33 | Ancient Protector |
| 8:28 | Moon Glaive |
| 8:29 | Improved Bows |
| 8:36 | Wisp |
| 8:37 | Wisp |
| 8:40 | Ancient Protector |
| 9:00 | Ancient of Lore |
| 9:00 | Ancient of Lore |
| 9:16 | Huntress |
| 9:16 | Huntress |
| 9:17 | Huntress |
| 9:17 | Huntress |
| 9:24 | Trueshot Aura |
| 9:28 | Ancient Protector |
| 9:31 | Wisp |
| 9:31 | Wisp |
| 10:02 | Huntress |
| 10:02 | Huntress |
| 10:17 | Force of Nature |
| 10:36 | Dryad |
| 10:37 | Abolish Magic |
| 10:37 | Druid of the Claw Adept Training |
| 10:38 | Dryad |
| 11:16 | Ancient Protector |
| 11:20 | Ancient of Wonders |
| 11:21 | Wisp |
| 11:21 | Wisp |
| 11:21 | Wisp |
| 11:32 | Strength of the Wild |
| 11:38 | Archer |
| 11:39 | Huntress |
| 11:39 | Huntress |
| 11:39 | Huntress |
| 11:40 | Huntress |
| 12:02 | Huntress |
| 13:23 | Tree of Eternity |
| 13:25 | Improved Strength of the Moon |
| 13:25 | Improved Strength of the Wild |
| 13:28 | Lesser Clarity Potion |
| 13:31 | Potion of Mana |
| 13:47 | Potion of Lesser Invulnerability |
| 13:48 | Scroll of Healing |
| 13:49 | Scroll of Protection |
| 14:13 | Scout |
| 14:29 | Dryad |
| 14:30 | Dryad |
| 14:31 | Huntress |
| 14:31 | Huntress |
| 15:37 | Trueshot Aura |
| 15:56 | Druid of the Claw Master Training |
| 15:56 | Druid of the Claw |
| 15:57 | Dryad |
| 15:59 | Huntress |
| 15:59 | Huntress |
| 16:10 | Wisp |
| 16:11 | Wisp |
| 16:11 | Wisp |
| 16:30 | Entangling Roots |
| 16:47 | Well Spring |
| 16:50 | Advanced Strength of the Wild |
| 17:07 | Ancient Protector |
| 17:14 | Dryad |
| 17:14 | Dryad |
| 17:53 | Improved Moon Armor |
| 17:55 | Reinforced Hides |
| 18:01 | Scroll of Town Portal |
| 18:56 | Archer |
| 18:59 | Scroll of Town Portal |
| 19:02 | Marksmanship |
| 19:05 | Archer |
| 19:05 | Archer |
| 19:08 | Dryad |
| 19:08 | Dryad |
| 19:08 | Dryad |
| 20:04 | Archer |
| 20:05 | Archer |
| 20:05 | Archer |
| 20:05 | Archer |
| 20:28 | Huntress |
| 20:28 | Huntress |
| 21:33 | Archer |
| 21:34 | Archer |
| 21:51 | Scout |
| 21:51 | Scout |
| 22:00 | Avatar |
| 23:14 | Nature's Blessing |
| 24:37 | Tranquility |
| 24:45 | Trueshot Aura |
| 24:47 | Storm Bolt |
| Right click | 595 |
| Select | 414 |
| Misc. action | 155 |
| Build/train/purchase | 140 |
| Chat | 126 |
| Select group | 65 |
| Use ability | 48 |
| Assign group | 18 |
| Minimap ping | 5 |
| Esc | 4 |
| Item give/drop | 1 |

| Lesser Clarity Potion | 6 | 420 |
| Healing Salve | 3 | 300 |
| Potion of Mana | 5 | 1000 |
| Potion of Healing | 1 | 150 |
| Orb of Lightning | 1 | 375 |
| Scroll of Town Portal | 2 | 700 |
| Scroll of Healing | 1 | 250 |
| Potion of Lesser Invulnerability | 2 | 300 |
| Scroll of Protection | 1 | 150 |
| total: | 22 | 3645g |
| Peon | 22 | 1650 | / | 0 |
| Grunt | 7 | 1400 | / | 0 |
| Shaman | 14 | 1820 | / | 280 |
| Tauren | 15 | 4200 | / | 1200 |
| total: | 58 | 9070g | / | 1480w |
| Watch Tower | 6 | 660 | / | 480 |
| Altar of Storms | 1 | 180 | / | 50 |
| Orc Burrow | 6 | 960 | / | 240 |
| Barracks | 1 | 180 | / | 50 |
| War Mill | 1 | 205 | / | 0 |
| Voodoo Lounge | 1 | 130 | / | 30 |
| Great Hall | 1 | 385 | / | 185 |
| Spirit Lodge | 1 | 150 | / | 150 |
| Tauren Totem | 2 | 270 | / | 310 |
| Stronghold | 1 | 315 | / | 190 |
| Fortress | 2 | 650 | / | 380 |
| total: | 20 | 3120g | / | 1495w |
| 0:02 | Peon |
| 0:02 | Peon |
| 0:03 | Peon |
| 0:20 | Altar of Storms |
| 0:25 | Peon |
| 0:33 | Orc Burrow |
| 0:48 | Peon |
| 0:48 | Peon |
| 0:53 | Barracks |
| 1:18 | War Mill |
| 1:22 | Peon |
| 1:43 | Voodoo Lounge |
| 1:57 | Orc Burrow |
| 2:09 | Grunt |
| 2:26 | Serpent Ward |
| 2:35 | Steel Melee Weapons |
| 2:55 | Lesser Clarity Potion |
| 2:55 | Lesser Clarity Potion |
| 2:55 | Healing Salve |
| 3:02 | Grunt |
| 3:21 | Orc Burrow |
| 3:26 | Peon |
| 3:50 | Grunt |
| 4:01 | Healing Wave |
| 5:05 | Great Hall |
| 5:06 | Stronghold |
| 5:15 | Grunt |
| 5:26 | Steel Armor |
| 5:46 | Serpent Ward |
| 5:59 | Watch Tower |
| 6:04 | Watch Tower |
| 6:05 | Watch Tower |
| 6:06 | Watch Tower |
| 6:15 | Healing Salve |
| 6:16 | Lesser Clarity Potion |
| 7:27 | Peon |
| 7:28 | Peon |
| 7:28 | Peon |
| 7:28 | Peon |
| 7:32 | Healing Salve |
| 7:38 | Lesser Clarity Potion |
| 7:38 | Potion of Mana |
| 7:41 | Potion of Mana |
| 7:43 | Berserker Strength |
| 7:46 | Spirit Lodge |
| 7:49 | Tauren Totem |
| 8:14 | Peon |
| 8:14 | Peon |
| 8:22 | Fortress |
| 8:59 | Healing Wave |
| 9:09 | Grunt |
| 9:10 | Shaman Adept Training |
| 9:15 | Tauren Totem |
| 10:07 | Grunt |
| 10:08 | Thorium Melee Weapons |
| 10:12 | Peon |
| 10:12 | Peon |
| 10:12 | Peon |
| 10:12 | Peon |
| 10:12 | Peon |
| 10:31 | Grunt |
| 10:35 | Shaman |
| 10:35 | Shaman |
| 10:35 | Shaman |
| 10:35 | Shaman |
| 10:35 | Shaman |
| 11:22 | Shaman Master Training |
| 11:24 | Shaman |
| 11:24 | Shaman |
| 11:25 | Shaman |
| 11:26 | Tauren |
| 11:30 | Orc Burrow |
| 11:31 | Peon |
| 11:32 | Peon |
| 11:32 | Peon |
| 11:34 | Potion of Mana |
| 11:36 | Lesser Clarity Potion |
| 11:38 | Potion of Mana |
| 11:44 | Potion of Healing |
| 12:01 | Watch Tower |
| 12:01 | Watch Tower |
| 12:09 | Orc Burrow |
| 12:11 | Orc Burrow |
| 12:56 | Tauren |
| 13:34 | Tauren |
| 13:35 | Arcanite Melee Weapons |
| 13:45 | Tauren |
| 13:47 | Tauren |
| 14:13 | Thorium Armor |
| 14:42 | Shaman |
| 14:43 | Tauren |
| 14:44 | Tauren |
| 15:29 | Shaman |
| 15:31 | Reinforced Defenses |
| 15:38 | Healing Wave |
| 16:35 | Scroll of Town Portal |
| 16:36 | Scroll of Healing |
| 16:40 | Potion of Lesser Invulnerability |
| 16:58 | Arcanite Armor |
| 17:51 | Hex |
| 18:13 | Tauren |
| 18:16 | Lesser Clarity Potion |
| 18:18 | Potion of Mana |
| 18:21 | Scroll of Town Portal |
| 18:25 | Orb of Lightning |
| 18:37 | Tauren |
| 18:38 | Tauren |
| 19:00 | Tauren |
| 19:46 | Tauren |
| 19:48 | Spiked Barricades |
| 19:49 | Steel Ranged Weapons |
| 20:40 | Serpent Ward |
| 20:51 | Tauren |
| 20:52 | Pulverize |
| 21:40 | Big Bad Voodoo |
| 21:45 | Tauren |
| 21:45 | Tauren |
| 22:17 | Shaman |
| 22:17 | Shaman |
| 22:18 | Shaman |
| 22:18 | Shaman |
| 23:05 | Potion of Lesser Invulnerability |
| 23:05 | Scroll of Protection |
| 24:56 | Hex |
| Select group | 446 |
| Right click | 299 |
| Select | 200 |
| Assign group | 187 |
| Misc. action | 159 |
| Build/train/purchase | 137 |
| Use ability | 119 |
| Chat | 119 |
| Item give/drop | 5 |
| Remove unit | 5 |


| Scroll of Regeneration | 2 | 200 |
| Lesser Clarity Potion | 2 | 140 |
| Potion of Mana | 1 | 200 |
| Boots of Speed | 1 | 250 |
| total: | 6 | 790g |
| Peasant | 21 | 1575 | / | 0 |
| Rifleman | 12 | 2460 | / | 360 |
| Siege Engine | 6 | 1170 | / | 360 |
| Knight | 3 | 735 | / | 180 |
| total: | 42 | 5940g | / | 900w |
| Scout Tower | 6 | 180 | / | 120 |
| Arcane Tower | 4 | 280 | / | 200 |
| Guard Tower | 3 | 210 | / | 150 |
| Altar of Kings | 1 | 180 | / | 50 |
| Farm | 12 | 960 | / | 240 |
| Blacksmith | 2 | 280 | / | 120 |
| Barracks | 2 | 320 | / | 120 |
| Arcane Vault | 1 | 130 | / | 30 |
| Town Hall | 1 | 385 | / | 205 |
| Lumber Mill | 1 | 120 | / | 0 |
| Workshop | 3 | 420 | / | 420 |
| Keep | 1 | 320 | / | 210 |
| Castle | 2 | 720 | / | 420 |
| total: | 29 | 2975g | / | 1305w |
| 0:03 | Peasant |
| 0:03 | Peasant |
| 0:03 | Peasant |
| 0:10 | Altar of Kings |
| 0:13 | Farm |
| 0:17 | Peasant |
| 0:21 | Peasant |
| 0:40 | Peasant |
| 0:40 | Peasant |
| 1:02 | Blacksmith |
| 1:09 | Barracks |
| 1:19 | Farm |
| 1:28 | Peasant |
| 1:28 | Peasant |
| 1:48 | Farm |
| 2:00 | Peasant |
| 2:13 | Scout Tower |
| 2:15 | Rifleman |
| 2:22 | Peasant |
| 2:31 | Farm |
| 2:38 | Arcane Vault |
| 2:43 | Arcane Tower |
| 3:04 | Thunder Clap |
| 3:05 | Rifleman |
| 3:11 | Peasant |
| 3:21 | Peasant |
| 3:26 | Peasant |
| 3:51 | Rifleman |
| 3:53 | Peasant |
| 4:02 | Storm Bolt |
| 4:28 | Town Hall |
| 4:34 | Scout Tower |
| 5:00 | Arcane Tower |
| 5:16 | Thunder Clap |
| 5:22 | Rifleman |
| 5:31 | Peasant |
| 5:35 | Peasant |
| 5:51 | Keep |
| 5:52 | Rifleman |
| 6:06 | Black Gunpowder |
| 6:12 | Blacksmith |
| 6:16 | Rifleman |
| 6:21 | Lumber Mill |
| 6:32 | Rifleman |
| 7:11 | Studded Leather Armor |
| 7:14 | Rifleman |
| 7:17 | Farm |
| 7:20 | Farm |
| 7:43 | Barracks |
| 7:46 | Peasant |
| 7:46 | Peasant |
| 7:58 | Scout Tower |
| 7:59 | Scout Tower |
| 7:59 | Scout Tower |
| 8:37 | Guard Tower |
| 8:40 | Castle |
| 8:42 | Improved Lumber Harvesting |
| 8:50 | Long Rifles |
| 8:57 | Scout Tower |
| 8:59 | Guard Tower |
| 9:19 | Rifleman |
| 9:22 | Rifleman |
| 9:29 | Storm Bolt |
| 9:41 | Rifleman |
| 9:47 | Rifleman |
| 9:55 | Workshop |
| 9:56 | Workshop |
| 10:10 | Peasant |
| 10:10 | Peasant |
| 10:26 | Refined Gunpowder |
| 10:29 | Scroll of Regeneration |
| 10:29 | Lesser Clarity Potion |
| 10:32 | Potion of Mana |
| 10:51 | Workshop |
| 10:54 | Farm |
| 11:09 | Farm |
| 11:13 | Farm |
| 11:19 | Guard Tower |
| 11:57 | Holy Light |
| 12:01 | Siege Engine |
| 12:02 | Animal War Training |
| 12:19 | Sundering Blades |
| 12:25 | Iron Forged Swords |
| 12:25 | Iron Plating |
| 12:35 | Farm |
| 12:37 | Farm |
| 12:40 | Advanced Lumber Harvesting |
| 12:40 | Improved Masonry |
| 13:01 | Siege Engine |
| 13:02 | Barrage |
| 13:40 | Siege Engine |
| 13:44 | Scroll of Regeneration |
| 13:44 | Lesser Clarity Potion |
| 13:46 | Knight |
| 14:40 | Devotion Aura |
| 14:56 | Knight |
| 14:59 | Steel Plating |
| 15:28 | Thunder Clap |
| 16:05 | Flak Cannons |
| 16:06 | Steel Forged Swords |
| 16:55 | Knight |
| 16:56 | Mithril Plating |
| 17:06 | Farm |
| 17:33 | Boots of Speed |
| 17:39 | Siege Engine |
| 18:47 | Holy Light |
| 18:50 | Siege Engine |
| 19:21 | Mithril Forged Swords |
| 20:10 | Siege Engine |
| 21:02 | Advanced Masonry |
| 21:29 | Avatar |
| Right click | 591 |
| Select group | 499 |
| Select | 270 |
| Build/train/purchase | 110 |
| Misc. action | 75 |
| Assign group | 25 |
| Use ability | 21 |
| Minimap ping | 7 |
| Item give/drop | 2 |
| Remove unit | 1 |
⇛